 Dungeon Crawl Stone Soup version 0.24.0-13-gcf9b319 (webtiles) character file.

Game seed: 5444165791912313106, levelgen mode: deterministic

3749 Fang the Fighter (level 10, -4/97 HPs)
             Began as a Gargoyle Berserker on Nov 13, 2019.
             Was a High Priest of Trog.
             Slain by a death yak (10 damage)
             ... on level 8 of the Dungeon.
             The game lasted 00:07:34 (6771 turns).

Fang the Fighter (Gargoyle Berserker)               Turns: 6771, Time: 00:07:34

Health: -4/97      AC: 26    Str: 29    XL:     10   Next: 15%
Magic:  10/10      EV: 10    Int:  8    God:    Trog [*****.]
Gold:   447        SH:  0    Dex:  9    Spells: 9/9 levels left

rFire    . . .     SeeInvis .   a - +1 war axe
rCold    + . .     Gourm    .   (no shield)
rNeg     + . .     Faith    .   b - +0 plate armour
rPois    ∞         Spirit   .   (no helmet)
rElec    +         Reflect  .   (no cloak)
rCorr    .         Harm     .   (no gloves)
MR       .....                  (no boots)
Stlth    ..........             z - amulet of regeneration
HPRegen  0.66/turn              w - +6 ring of protection
MPRegen  0.12/turn              f - ring of protection from cold

@: berserking, very quick
A: negative energy resistance 1, electricity resistance, unbreathing,
petrification resistance, rot immunity, AC +7
a: Berserk, Trog's Hand, Brothers in Arms, Renounce Religion


You were on level 8 of the Dungeon.
You worshipped Trog.
Trog was extremely pleased with you.
You were hungry.

You visited 2 branches of the dungeon, and saw 9 of its levels.
You also visited: Ossuary.

You collected 447 gold pieces.

Inventory:

Hand Weapons
 a - a +1 war axe (weapon)
Armour
 b - a +0 plate armour (worn)
Jewellery
 f - a ring of protection from cold (right hand)
 w - a +6 ring of protection (left hand)
 z - an amulet of regeneration (around neck)
 A - an uncursed ring of resist corrosion
Wands
 k - a wand of flame (13)
 o - a wand of digging (4)
 C - a wand of disintegration (20)
 J - a wand of polymorph (5)
Scrolls
 h - 2 scrolls of fog
 i - 6 scrolls of magic mapping
 l - 4 scrolls of teleportation
 m - 3 scrolls of remove curse
 x - a scroll of enchant weapon
Potions
 e - 2 potions of mutation {unknown}
 g - 2 potions of might
 j - a potion of agility {unknown}
 n - 7 potions of curing
 q - 7 potions of haste
 u - 2 potions of heal wounds
 v - 2 potions of magic {unknown}
 E - a potion of flight {unknown}
 G - a potion of cancellation
Comestibles
 c - 14 rations
 d - 11 chunks of flesh


   Skills:
 + Level 8.5 Fighting
 + Level 7.1 Axes
 + Level 8.1 Armour
 + Level 6.2 Dodging


You had 9 spell levels left.
You didn't know any spells.
Your spell library was empty.

Dungeon Overview and Level Annotations

Branches:
Dungeon (8/15)             Temple (1/1) D:5         Ossuary (visited)
   Lair: D:8-11

Altars:
Elyvilon
Gozag
Kikubaaqudgha
Makhleb
Nemelex Xobeh
Sif Muna
Uskayaw
Vehumet
The Shining One


Innate Abilities, Weirdness & Mutations

You are resistant to torment.
Your stone body is resilient. (AC +7)
You are immune to poison.
You resist negative energy. (rN+)
You are resistant to electric shocks. (rElec)
You can survive without breathing.
You are immune to petrification.
You are immune to rotting.


Message History

* * * LOW HITPOINT WARNING * * *
The death yak gores you!
* * * LOW HITPOINT WARNING * * *
The death yak gores you but does no damage.
The hell rat bites you but does no damage.
You hit the death yak but do no damage.
The death yak is lightly wounded.
You slash the hell rat! You slash the death yak!
You hit the death yak but do no damage.
The death yak gores you but does no damage.
The death yak barely misses you. The death yak gores you.
* * * LOW HITPOINT WARNING * * *
You slash the death yak!
The death yak is moderately wounded.
You barely miss the death yak. You hit the death yak.
Your plate armour prevents you from hitting the hell rat.
The hell rat bites you.
* * * LOW HITPOINT WARNING * * *
The death yak gores you!
You die...

# #.######## #.#
###.### ####.#
....... #....#
...#### # #.####
...# #.##.#######
...# #..........#
...# ###........#
...#
#......r.#####
####
#.....@Yr.....
........YY..)...
........##r......
......... .......
######... .#.....
#... ##...(. #..
...# ...#


You could see 3 death yaks, a hell rat and 2 river rats.

Vanquished Creatures
  Harold (D:7)
  Joseph (D:7)
  6 yaks (D:7)
  Duvessa (D:7)
  An ice beast (D:7)
  An orc warrior (D:6)
  A phantom (D:7)
  A black bear (D:8)
  A sky beast (D:7)
  An ogre (D:7)
  2 centaurs
  A bullfrog (D:7)
  Dowan (D:7)
  2 scorpions
  A howler monkey (D:6)
  A crimson imp (D:7)
  2 jellies
  A centaur skeleton (D:4)
  3 orc wizards
  An iguana (D:7)
  6 worker ants
  3 hound skeletons
  12 mummies (Ossuary)
  8 adders
  2 howler monkey skeletons (D:6)
  3 shadow imps
  2 adder skeletons
  4 worms
  6 dart slugs
  4 leopard geckos
  7 orcs
  A ball python (D:1)
  4 bats
  4 giant cockroaches
  12 goblins
  8 hobgoblins
  9 jackals
  7 kobolds
  5 quokkas
  3 frilled lizards
  4 goblin skeletons
  2 goblin zombies (D:6)
  2 hobgoblin zombies (D:6)
  3 kobold skeletons
  5 orc skeletons
  2 quokka skeletons
  12 rats
  11 rat skeletons (Ossuary)
181 creatures vanquished.

Vanquished Creatures (others)
  An orc wizard (D:6)
1 creature vanquished.

Grand Total: 182 creatures vanquished

Notes
Turn   | Place    | Note
-------+----------+-------------------------------------------
     0 | D:1      | Fang the Gargoyle Berserker began the quest for the Orb.
     0 | D:1      | Reached XP level 1. HP: 14/14 MP: 1/1
    76 | D:1      | Reached XP level 2. HP: 12/19 MP: 2/2
   481 | D:1      | Reached XP level 3. HP: 18/23 MP: 3/3
  1010 | D:2      | Reached ** piety under Trog
  1313 | D:2      | Reached XP level 4. HP: 7/29 MP: 4/4
  2399 | D:3      | Reached XP level 5. HP: 27/33 MP: 5/5
  2515 | D:3      | Reached *** piety under Trog
  3006 | D:4      | Reached XP level 6. HP: 11/39 MP: 6/6
  3566 | D:4      | Found a white marble altar of Elyvilon.
  3570 | D:4      | Found an ancient bone altar of Kikubaaqudgha.
  3672 | D:5      | Entered Level 5 of the Dungeon
  3955 | D:5      | Found a staircase to the Ecumenical Temple.
  3964 | Temple   | Entered the Ecumenical Temple
  4435 | D:6      | Found an opulent altar of Gozag.
  4556 | D:6      | Found a sparkling altar of Nemelex Xobeh.
  4573 | D:6      | Found a glowing golden altar of the Shining One.
  4590 | D:6      | Reached skill level 5 in Fighting
  4608 | D:6      | Found a sand-covered staircase.
  4660 | Ossuary  | Entered an ossuary
  4678 | Ossuary  | Reached XP level 7. HP: 42/44 MP: 7/7
  4713 | Ossuary  | Reached **** piety under Trog
  5171 | D:6      | Reached skill level 5 in Armour
  5444 | D:6      | Found a shimmering blue altar of Sif Muna.
  5812 | D:7      | Reached XP level 8. HP: 47/51 MP: 8/8
  6035 | D:7      | Reached skill level 5 in Axes
  6058 | D:7      | Noticed a yak
  6059 | D:7      | Noticed a yak
  6060 | D:7      | Noticed a yak
  6061 | D:7      | Noticed a yak
  6062 | D:7      | Noticed a yak
  6062 | D:7      | Noticed Duvessa
  6064 | D:7      | Noticed a yak
  6064 | D:7      | Noticed Dowan
  6072 | D:7      | Killed a yak
  6072 | D:7      | Killed a yak
  6075 | D:7      | Killed a yak
  6076 | D:7      | Killed a yak
  6076 | D:7      | Reached XP level 9. HP: 20/57 MP: 9/9
  6076 | D:7      | Reached skill level 5 in Dodging
  6078 | D:7      | Killed Duvessa
  6090 | D:7      | Killed Dowan
  6100 | D:7      | Noticed Harold
  6181 | D:7      | Killed Harold
  6247 | D:7      | Reached ***** piety under Trog
  6274 | D:7      | Received a gift from Trog
  6292 | D:7      | Noticed Joseph
  6315 | D:7      | Killed Joseph
  6315 | D:7      | Reached XP level 10. HP: 65/65 MP: 10/10
  6754 | D:8      | Noticed a death yak
  6757 | D:8      | Noticed a death yak
  6759 | D:8      | Noticed a death yak
  6771 | D:8      | Slain by a death yak

Levels and vault maps discovered:
D:1:      minmay_arrival_plants_in_alcoves, layout_loops_ring, st_stairs_12,
          corexii_leaking_fountain
D:2:      layout_loops_ring, serial_rivers, chequers_serial_rivers_small_a,
          chequers_serial_rivers_micro_a, chequers_serial_rivers_micro_a,
          chequers_serial_rivers_marsh, chequers_serial_rivers_micro_a
D:3:      layout_basic
D:4:      layout_loops_ring, nicolae_overflow_hidden_temple
D:5:      layout_cave_pods, minmay_temple_entry_offerings, first_ration
D:6:      layout_basic, tgw_sif, nicolae_tso_besieged_by_evil,
          nemelex_xobeh_ov_fountains_minmay, nicolae_ossuary_entry_ruins,
          nicolae_gozag_seed_capital
D:7:      layout_gridville, uniq_joseph, uniq_harold, uniq_duvessa
D:8:      layout_basic, dpeg_lair_monsters, kennysheep_cluttered_room
Temple:   eino_temple_rhombus

Skill      XL: |  1  2  3  4  5  6  7  8  9 10 |
---------------+-------------------------------+-----
Axes           | 3 4 5 6 7 |  7.1
Dodging        | 2 3 4 6 |  6.2
Armour         | 3 4 5 6 7 8 |  8.1
Fighting       | 4 5 7 8 |  8.5

Action                   |  1- 3 |  4- 6 |  7- 9 | 10-12 || total
-------------------------+-------+-------+-------+-------++-------
Melee: Hand axe          |   142 |     3 |       |       ||   145
       War axe           |       |   237 |   268 |    62 ||   567
Invok: Berserk           |     2 |     1 |     3 |     1 ||     7
       Trog's Hand       |       |       |     1 |       ||     1
  Use: Scroll            |       |       |    18 |     2 ||    20
  Eat: Chunk             |     2 |    10 |     5 |     2 ||    19
       Ration            |       |     1 |     1 |       ||     2
Armor: Animal skin       |    53 |    51 |       |       ||   104
       Plate armour      |       |    92 |   236 |    65 ||   393
Dodge: Dodged            |    91 |   143 |   100 |    34 ||   368
